AoeStats
← zYaubolz

Nomad

508984535Analyzed
4v4 RM · 8d ago on Sep 24, 2026· 54m 24s· 8 players
Game mode
Random Map
Map size
231×231
Population
200
Speed
Normal
Resources
Standard
Victory
Conquest
Starting age
Dark Age
Ending age
Imperial Age
RankedLock teamsTeams togetherTeam positionsShared explorationLock speedFull tech treeHidden civsTurbo modeCheats
Victory
Defeat
🇺🇸 Danes · United States
870
+16
🇨🇦 Franks · Canada
849
+17
🇩🇪 Vietnamese · Germany
847
+17
🇨🇴 Burgundians · Colombia
843
+17
🇺🇸 Saxons · United States
937
-19
🇺🇸 Italians · United States
912
-19
🇦🇷 Slavs · Argentina
829
-15
🇮🇳 Chinese · India
800
-14
Paul George
4:42 Loom
16:41 Feudal Age
20:51 Castle Age
18:31 Man-at-Arms
18:59 Arson
19:32 Scale Mail Armor
20:01 Double-Bit Axe
20:53 Gold Mining
21:48 Gambesons
25:15 Chain Mail Armor
26:19 Long Swordsman
27:01 Squires
26:53 Fishing Lines
27:27 Forging
29:28 Stone Mining
31:39 Hamask
33:16 Pikeman
36:45 Imperial Age
34:54 Wheelbarrow
36:31 Bow Saw
38:29 Conscription
38:37 Elite Jomsviking
40:58 Iron Casting
40:54 Plate Mail Armor
42:12 Onager
43:49 Gold Shaft Mining
44:27 Fletching
44:40 Padded Archer Armor
45:04 Elite Skirmisher
46:28 Siege Onager
47:41 Imperial Skirmisher
48:19 Northmen's Fury
49:14 Siege Engineers
48:51 Halberdier
48:51 Two-Handed Swordsman
49:33 Champion
50:54 Hoardings
53:04 Blast Furnace
52:41 Bodkin Arrow
52:52 Scale Barding Armor
53:03 Leather Archer Armor
53:56 Hand Cart
BlackKnight_01
5:59 Loom
16:07 Feudal Age
19:05 Wheelbarrow
21:11 Double-Bit Axe
21:20 Gold Mining
22:30 Stone Mining
23:37 Fletching
23:52 Scale Barding Armor
23:58 Forging
27:42 Castle Age
28:38 Hand Cart
31:56 Bow Saw
35:32 Bodkin Arrow
36:14 Iron Casting
38:25 Gold Shaft Mining
38:19 Chain Barding Armor
38:36 Iron Casting
44:25 Imperial Age
45:48 Plate Barding Armor
46:14 Blast Furnace
44:37 Cavalier
45:19 Husbandry
45:43 Conscription
47:13 Paladin
mr.aaandrex
4:41 Loom
8:54 Double-Bit Axe
14:56 Horse Collar
18:30 Feudal Age
19:21 Bow Saw
19:15 Heavy Plow
23:05 Castle Age
23:43 Forging
23:12 Cavalier
23:58 Gold Mining
24:41 Crop Rotation
25:15 Two-Man Saw
24:34 Husbandry
28:59 Scale Barding Armor
29:11 Fletching
31:05 Gold Shaft Mining
31:52 Wheelbarrow
32:14 Stone Mining
33:06 Hand Cart
34:16 Iron Casting
34:42 Stone Shaft Mining
35:39 Bodkin Arrow
36:06 Chain Barding Armor
35:40 Treadmill Crane
36:21 Ballistics
35:57 Murder Holes
37:18 Padded Archer Armor
51:25 Imperial Age
49:15 Burgundian Vineyards
51:27 Elite Coustillier
52:28 Conscription
53:19 Chemistry
TrueCrime
4:02 Loom
15:41 Feudal Age
19:37 Double-Bit Axe
21:07 Horse Collar
26:55 Castle Age
26:31 Fletching
26:41 Padded Archer Armor
27:42 Gold Mining
27:43 Stone Mining
28:06 Forging
29:08 Wheelbarrow
29:09 Leather Archer Armor
28:49 Bodkin Arrow
32:02 Elite Skirmisher
36:56 Thumb Ring
42:37 Imperial Age
41:16 Bow Saw
42:25 Hand Cart
43:08 Imperial Skirmisher
46:24 Bracer
47:59 Heavy Plow
50:07 Chemistry
51:16 Careening
51:27 Ballistics
51:18 Clinker Construction
52:08 Iron Casting
52:03 Ring Archer Armor
51:34 Scale Mail Armor
52:58 Capped Ram
zYaubolz
Landogz
12:32 Feudal Age
13:13 Double-Bit Axe
12:58 Man-at-Arms
15:21 Gold Mining
15:38 Arson
20:19 Stone Mining
20:57 Loom
26:19 Castle Age
26:53 Crossbowman
27:39 Padded Archer Armor
27:30 Fletching
27:58 Town Watch
28:34 Elite Skirmisher
30:35 Bow Saw
33:20 Pikeman
38:26 Imperial Age
38:45 Thumb Ring
40:21 Halberdier
45:00 Wheelbarrow
selectpanda5791
3:30 Loom
14:49 Feudal Age
19:55 Fletching
20:06 Padded Archer Armor
26:05 Castle Age
26:37 Crossbowman
27:24 Thumb Ring
28:02 Double-Bit Axe
28:51 Ballistics
28:48 Bodkin Arrow
37:35 Imperial Age
35:33 Gold Mining
36:08 Leather Archer Armor
leaton37
8:55 Loom
14:06 Feudal Age
16:33 Double-Bit Axe
26:00 Castle Age
26:39 Elite Skirmisher
30:00 Pikeman
30:53 Horse Collar
37:17 Scale Mail Armor
37:22 Scale Barding Armor
40:22 Imperial Age
39:16 Heavy Plow
40:07 Chain Barding Armor
40:02 Chain Mail Armor
42:57 Cavalier
49:28 Chemistry
48:26 Murder Holes
49:55 Halberdier
Connection lost

Rejoining the realm…

Still unreachable

The connection could not be restored.

Session expired

The server has moved on; the page needs a fresh start.